 Dungeon Crawl Stone Soup version 0.19.1-1-g22dce08 (webtiles) character file.

4929 esteth the Grappler (level 10, -3/79 HPs)
             Began as a Demonspawn Abyssal Knight on Jan 7, 2017.
             Was an Elder of Lugonu.
             Slain by a wolf (6 damage)
             ... on level 1 of the Lair of Beasts.
             The game lasted 00:31:16 (10281 turns).

esteth the Grappler (Demonspawn Abyssal Knight)    Turns: 10281, Time: 00:31:17

Health: -3/79      AC:  6    Str: 14 (15) XL:     10   Next: 27%
Magic:  14/16      EV: 11    Int: 12 (15) God:    Lugonu [****..]
Gold:   277        SH:  0    Dex:  9 (12) Spells: 0 memorised, 9 levels left

rFire  + . .     SeeInvis .       - Unarmed
rCold  . . .     Gourm    .     y - +3 leather armour {rF+}
rNeg   + . .     Faith    .     (no shield)
rPois  .         Spirit   .     (helmet restricted)
rElec  .         Reflect  .     (no cloak)
rCorr  .         Harm     .     (no gloves)
MR     .....                    (no boots)
Stlth  +.........               w - amulet of rage
                                n - ring of wizardry
                                m - ring of positive energy

@: lethally poisoned (-3 -> -6)
A: antennae 1, claws 2, hooves 2, demonic guardian 2, rot immunity
a: Depart the Abyss, Bend Space, Banish, Corrupt, Renounce Religion, Evoke
Berserk Rage


You were on level 1 of the Lair of Beasts.
You worshipped Lugonu.
Lugonu was greatly pleased with you.
You were not hungry.

You visited 2 branches of the dungeon, and saw 9 of its levels.
You visited the Abyss 1 time.

You collected 277 gold pieces.

Inventory:

Hand Weapons
 a - a +2 hand axe
Missiles
 t - 25 tomahawks (quivered)
Armour
 h - a +2 helmet
 i - a +0 scale mail
 y - a +3 leather armour of fire resistance (worn)
Jewellery
 m - a ring of positive energy (left claw)
 n - a ring of wizardry (right claw)
 w - an amulet of rage (around neck)
 G - an uncursed ring of resist corrosion
Wands
 b - a wand of flame (31/48)
 x - a wand of flame (29/48)
 B - a wand of acid (7/15)
 C - a wand of confusion (30/48)
 F - a wand of paralysis (6/24)
 H - a wand of confusion (14/48)
Scrolls
 d - 3 scrolls of teleportation
 l - a scroll of enchant armour {unknown}
 q - 4 scrolls of remove curse
 A - 2 scrolls of fear
 E - 2 scrolls of random uselessness {unknown}
 K - a scroll of blinking {unknown}
 M - a scroll of identify
 N - a scroll of magic mapping
Potions
 e - a potion of berserk rage
 j - 2 potions of brilliance
 s - 4 potions of flight
 u - a potion of agility
 v - a potion of resistance
 L - a potion of lignification {unknown}
Books
 r - a book of Minor Magic

   Spells                             Type                      Level
   a - Magic Dart                     Conjuration                  1
   b - Blink                          Translocation                2
   c - Call Imp                       Summoning                    2
   d - Repel Missiles                 Charms/Air                   2
   e - Slow                           Hexes                        2
   f - Conjure Flame                  Conjuration/Fire             3
   g - Mephitic Cloud                 Conjuration/Poison/Air       3
 D - a book of Cantrips

   Spells                             Type                      Level
   a - Confusing Touch                Hexes                        1
   b - Animate Skeleton               Necromancy                   1
   c - Summon Small Mammal            Summoning                    1
   d - Apportation                    Translocation                1
Comestibles
 c - 6 bread rations {@e1}
 f - 5 meat rations {@e2}
 g - 9 royal jellies
 k - 9 beef jerkies
 I - 2 slices of pizza


   Skills:
 + Level 7.2 Fighting
 - Level 2.4 Axes
 - Level 1.7 Armour
 - Level 0.8 Dodging
 + Level 11.1 Unarmed Combat
 - Level 8.0 Invocations


You had 9 spell levels left.
You didn't know any spells.

Dungeon Overview and Level Annotations

Branches:
Dungeon (8/15)             Temple (0/1) D:7            Lair (1/6) D:8

Altars:
Cheibriados
Dithmenos
Fedhas
Gozag
Makhleb
Nemelex Xobeh
Ru
Trog
The Shining One

Shops:
D:4 %   D:6 (

Annotations:
D:5 1 runed door


Innate Abilities, Weirdness & Mutations

You have a pair of small antennae on your head.
You have very sharp fingernails.
You have hoof-like feet.
A demonic guardian rushes to your aid.
You are immune to rotting.


Message History

The wolf bites you.
* * * LOW HITPOINT WARNING * * *
Okay, then.
Press: ? - help, Shift-Dir - straight line, f - wolf
Aim: a wolf (lightly wounded, chance to defeat MR: 85%)
You fail to use your ability.
The wolf bites you but does no damage. The wolf bites you.
* * * LOW HITPOINT WARNING * * *
It was a potion of cancellation.
Your magical effects are unravelling.
You feel magically purged.
Your magical contamination has completely faded away.
You feel yourself slow down.
* * * LOW HITPOINT WARNING * * *
You feel sick. The wolf bites you but does no damage. The wolf misses you.
It was a potion of degeneration.
There was something very wrong with that liquid.
You feel weakened.
You feel dopey.
You feel clumsy. The wolf closely misses you.
The wolf misses you. x2; The wolf bites you.
You die...

..................#.......#......
...........#......#........#.....
.................................
.................................
.................................
.................................
.................................
................hh.............
................@.......##.....
...#......>...#.......#.# #P##
..## .... #.......### ## .. ...
........# .........# ..$.........
#............ ####.#..#....


You could see 2 wolves.

Vanquished Creatures
  A kobold demonologist (D:8)
  A hornet (D:8)
  Sigmund (D:5)
  Eustachio (D:5)
  A hungry ghost (D:8)
  Menkaure (D:7)
  Edmund (D:5)
  A soldier ant (D:8)
  2 hell hounds (D:8)
  Duvessa (D:4)
  A sky beast (D:7)
  An ice beast (D:6)
  A phantom (D:4)
  A black bear (D:7)
  A wolf (Lair:1)
  2 ogres
  A centaur (D:7)
  A crocodile (Lair:1)
  Dowan (D:4)
  3 scorpions
  3 killer bees (D:7)
  5 wights (D:7)
  A bullfrog zombie (D:7)
  3 jellies
  4 orc priests
  6 hounds
  An orc wizard (D:6)
  5 iguanas
  Jessica (D:2)
  A centaur skeleton (D:7)
  11 worker ants
  A hound zombie (D:7)
  A hound skeleton (D:7)
  A mummy (D:5)
  14 adders
  5 gnolls
  A howler monkey skeleton (D:8)
  2 oozes
  2 adder zombies (D:8)
  An adder skeleton (D:7)
  3 worms
  2 dart slugs
  10 leopard geckos
  25 orcs
  5 bats
  5 giant cockroaches
  5 goblins
  12 hobgoblins
  A jackal (D:5)
  6 quokkas
  A ball python (D:2)
  4 frilled lizards
  5 kobolds
  A leopard gecko zombie (D:7)
  A quokka skeleton (D:4)
  7 rats
186 creatures vanquished.

Vanquished Creatures (collateral kills)
  Pikel (D:5)
  A spiny frog (Lair:1)
  A two-headed ogre (D:8)
  A soldier ant (D:8)
  A slave (D:5)
  A sky beast (D:7)
  3 wolves (Lair:1)
  An orc priest (D:6)
  2 orc wizards (D:6)
  An iguana (D:4)
  A worker ant (D:4)
  An adder (D:4)
  A worm (D:8)
  3 orcs
19 creatures vanquished.

Vanquished Creatures (others)
  A spiny frog (Lair:1)
  A slave (D:5)
  A gnoll sergeant (D:6)
  An orc wizard (D:5)
  A gnoll (D:5)
  2 orcs (D:5)
  A jackal (D:5)
  A quokka zombie (D:5)
9 creatures vanquished.

Grand Total: 214 creatures vanquished

Notes
Turn   | Place    | Note
-------+----------+-------------------------------------------
     0 | Abyss:1  | esteth the Demonspawn Abyssal Knight began the quest for the Orb.
     0 | Abyss:1  | Reached XP level 1. HP: 18/18 MP: 2/2
     5 | Abyss:1  | Found a corrupted altar of Lugonu.
    20 | D:1      | Escaped the Abyss
   288 | D:1      | Gained mutation: You have sharp fingernails. [demonic ancestry]
   288 | D:1      | Reached XP level 2. HP: 23/24 MP: 3/3
   604 | D:1      | Reached skill level 1 in Unarmed Combat
   627 | D:1      | Reached ** piety under Lugonu
   759 | D:1      | Gained mutation: You have very sharp fingernails. [demonic ancestry]
   759 | D:1      | Reached XP level 3. HP: 27/29 MP: 5/5
  1247 | D:2      | Noticed Jessica
  1258 | D:2      | Killed Jessica
  1258 | D:2      | Reached skill level 2 in Unarmed Combat
  1258 | D:2      | Gained mutation: You have large cloven feet. [demonic ancestry]
  1258 | D:2      | Reached XP level 4. HP: 32/35 MP: 6/6
  1770 | D:2      | Found a faded altar of an unknown god.
  1770 | D:2      | Found a faded altar of an unknown god.
  1784 | D:2      | Found a bloodstained altar of Trog.
  1786 | D:2      | Found a faded altar of an unknown god.
  1788 | D:2      | Found a faded altar of an unknown god.
  1937 | D:3      | Found a glowing golden altar of the Shining One.
  1999 | D:3      | Reached skill level 3 in Unarmed Combat
  2207 | D:3      | Gained mutation: A weak demonic guardian rushes to your aid. [demonic ancestry]
  2207 | D:3      | Reached XP level 5. HP: 35/41 MP: 7/7
  3001 | D:4      | Noticed a phantom
  3035 | D:4      | Killed a phantom
  3035 | D:4      | Reached skill level 4 in Unarmed Combat
  3035 | D:4      | Gained mutation: You have hoof-like feet. [demonic ancestry]
  3035 | D:4      | Reached XP level 6. HP: 35/47 MP: 8/8
  3187 | D:4      | Found a sparkling altar of Nemelex Xobeh.
  3526 | D:4      | Noticed Duvessa
  3526 | D:4      | Noticed Dowan
  3551 | D:4      | Killed Duvessa
  3551 | D:4      | Reached skill level 5 in Unarmed Combat
  3569 | D:4      | Killed Dowan
  3569 | D:4      | Reached *** piety under Lugonu
  4048 | D:4      | Found Kafeaps's Food Shoppe.
  4531 | D:4      | Gained mutation: You are immune to rotting. [demonic ancestry]
  4531 | D:4      | Reached XP level 7. HP: 52/52 MP: 10/10
  4578 | D:4      | Reached skill level 6 in Unarmed Combat
  4856 | D:5      | Entered Level 5 of the Dungeon
  5122 | D:5      | Reached skill level 5 in Invocations
  5169 | D:5      | Found a snail-covered altar of Cheibriados.
  5186 | D:5      | Noticed Edmund
  5216 | D:5      | Killed Edmund
  5436 | D:5      | HP: 2/52 [acid (10)]
  5496 | D:5      | Reached skill level 7 in Unarmed Combat
  5635 | D:5      | Noticed Sigmund
  5653 | D:5      | Killed Sigmund
  5653 | D:5      | Gained mutation: A demonic guardian rushes to your aid. [demonic ancestry]
  5653 | D:5      | Reached XP level 8. HP: 41/58 MP: 12/12
  5786 | D:5      | Noticed Pikel
  5788 | D:5      | Noticed Eustachio
  5801 | D:5      | Killed Pikel
  5824 | D:5      | Killed Eustachio
  5824 | D:5      | Reached skill level 8 in Unarmed Combat
  6154 | D:5      | Found a burning altar of Makhleb.
  6223 | D:5      | Found a runed door.
  6359 | D:6      | Found a sacrificial altar of Ru.
  6551 | D:6      | Reached **** piety under Lugonu
  6993 | D:6      | Reached skill level 9 in Unarmed Combat
  7044 | D:6      | Reached XP level 9. HP: 32/63 MP: 15/15
  7375 | D:6      | Found Vyataodgh's Antique Weapon Shoppe.
  7405 | D:6      | Found a blossoming altar of Fedhas.
  7408 | D:6      | Found a shadowy altar of Dithmenos.
  7411 | D:6      | Found an opulent altar of Gozag.
  7790 | D:7      | Found a staircase to the Ecumenical Temple.
  8086 | D:7      | Reached skill level 10 in Unarmed Combat
  8194 | D:7      | Noticed Menkaure
  8220 | D:7      | Killed Menkaure
  8387 | D:7      | Reached skill level 5 in Fighting
  8899 | D:8      | Reached ***** piety under Lugonu
  9151 | D:8      | Noticed a kobold demonologist
  9153 | D:8      | Noticed a sixfirhy
  9476 | D:8      | Noticed a soul eater
  9481 | D:8      | Killed a kobold demonologist
  9529 | D:8      | Gained mutation: You have a pair of small antennae on your head. [demonic ancestry]
  9529 | D:8      | Reached XP level 10. HP: 70/76 MP: 16/16
  9918 | D:8      | Found a staircase to the Lair.
 10184 | Lair:1   | Entered Level 1 of the Lair of Beasts
 10184 | Lair:1   | Noticed a spiny frog
 10187 | Lair:1   | Killed a spiny frog
 10253 | Lair:1   | Noticed a spiny frog
 10256 | Lair:1   | Reached skill level 11 in Unarmed Combat
 10263 | Lair:1   | Banished a spiny frog
 10279 | Lair:1   | HP: 3/79 [wolf (3)]
 10281 | Lair:1   | Slain by a wolf

Skill      XL: |  1  2  3  4  5  6  7  8  9 10 |
---------------+-------------------------------+-----
Axes           | 2 |  2.4
Unarmed Combat | 1 2 3 4 5 7 9 10 11 | 11.1
Invocations    | 3 4 6 8 |  8.0
Fighting       | 6 7 |  7.2
Armour         | |  1.7
Dodging        | |  0.8

Action                   |  1- 3 |  4- 6 |  7- 9 | 10-12 || total
-------------------------+-------+-------+-------+-------++-------
Melee: Hand axe          |    54 |       |       |       ||    54
       Unarmed           |    23 |   222 |   403 |    39 ||   687
       Kick              |       |    41 |    88 |    13 ||   142
       Punch             |       |     4 |    12 |     2 ||    18
Invok: Banish            |       |       |     2 |     1 ||     3
  Use: Scroll            |     4 |       |    17 |       ||    21
       Potion            |       |       |     3 |     4 ||     7
 Stab: Distracted        |       |       |     1 |       ||     1
  Eat: Chunk             |     1 |     6 |    11 |     1 ||    19
       Bread ration      |       |     1 |     2 |     1 ||     4
Armor: Leather armour    |    12 |    57 |   115 |     8 ||   192
       Scale mail        |     4 |    10 |       |       ||    14
Dodge: Dodged            |    63 |   105 |   158 |    25 ||   351
